 Dungeon Crawl Stone Soup version 0.31-a0-441-g867994ef1c (webtiles) character file.

Game seed: 3210169083254294350

195 randomguy2701 the Ogre Mage (level 5, -1/46 HPs)
             Began as an Ogre Air Elementalist on Aug 2, 2023.
             Slain by Edmund
             ... wielding a +5 flail of protection
              (10 damage)
             ... on level 4 of the Dungeon.
             The game lasted 00:07:31 (4476 turns).

randomguy2701 the Ogre Mage (Ogre Air Elementalist) Turns: 4476, Time: 00:07:31

Health: -1/46      AC:  3    Str: 12    XL:     5   Next: 74%
Magic:  3/11       EV: 10    Int: 18    God:
Gold:   153        SH:  0    Dex:  9    Spells: 11/12 levels left

rFire   . . .        f - +0 club
rCold   . . .        (no shield)
rNeg    . . .        a - +0 robe
rPois   .            (helmet restricted)
rElec   .            (no cloak)
rCorr   .            (gloves unavailable)
SInv    .            (boots unavailable)
Will    .....        (no amulet)
Stlth   +            (no ring)
HPRegen 0.27/turn    (no ring)
MPRegen 0.12/turn

%: no passive effects
@: no status effects
A: large, unfitting armour, tough skin 1
a: no special abilities


You were on level 4 of the Dungeon.
You visited 1 branch of the dungeon, and saw 4 of its levels.

You collected 153 gold pieces.

Inventory:

Hand Weapons
 f - a +0 club (weapon)
Armour
 a - a +0 robe (worn)
Wands
 n - a wand of quicksilver (8)
Scrolls
 c - 3 scrolls of identify {unknown}
 h - a scroll of fog {unknown}
 k - 2 scrolls of enchant weapon {unknown}
 m - a scroll of torment {unknown}
 o - a scroll of amnesia {unknown}
 p - a scroll of noise {unknown}
Potions
 b - a potion of magic
 d - a potion of cancellation {unknown}
 e - a potion of attraction {unknown}
 g - a potion of might {unknown}
 i - 2 potions of degeneration {unknown}
 j - a potion of mutation {unknown}
 l - a potion of ambrosia {unknown}


   Skills:
 + Level 0.8 Fighting
 + Level 2.7 Dodging
 + Level 1.5 Stealth
 + Level 4.0 Spellcasting
 + Level 2.3 Conjurations
 + Level 3.5 Air Magic


You had 11 spell levels left.
You knew the following spells:

 Your Spells              Type           Power      Damage    Failure   Level
a - Shock                 Conj/Air       56%        1d6       4%          1

Your spell library contained the following spells:

 Spells                   Type           Power      Damage    Failure   Level
 Static Discharge         Conj/Air       28%        2-4/arc   7%          2
 Poisonous Vapours        Pois/Air       20%        N/A       11%         2
 Swiftness                Air            16%        N/A       11%         3
 Sting                    Tmut/Pois      12%        1d3       14%         1
 Vhi's Electric Charge    Tloc/Air       20%        N/A       22%         3
 Airstrike                Air            8%         2d(2-18)  34%         4
 Arcjolt                  Conj/Air       7%         1d17      77%         5
 Olgreb's Toxic Radiance  Pois           3%         N/A       82%         4
 Plasma Beam              Fire/Air       5%         2x1d15    100%        6


Dungeon Overview and Level Annotations

Branches:
Dungeon (4/15)
 Temple: D:4-7

Altars:
Ashenzari

Shops:
D:2 [

Annotations:
D:4 Edmund


Innate Abilities, Weirdness & Mutations

You are too large for most types of armour.
You have tough skin. (AC +1)


Message History

You see here a +0 rapier.
Edmund clears his throat.
You are too injured to fight recklessly!
You are too injured to fight recklessly!
Casting: Shock (safe; 4% risk of failure)
Confirm with . or Enter, or press ? or * to list all spells.
Aiming: Shock (safe; 4% risk of failure)
Press: ? - help, Shift-Dir - straight line, f/p - Edmund
Aim: Edmund, wielding a +5 flail of protection and wearing a +2 chain mail of poison resistance (lightly wounded, 79% to hit)
The zap hits Edmund but does no damage.
Edmund is lightly wounded.
Edmund hits you with a +5 flail of protection!
Unknown command.
Casting: Shock (safe; 4% risk of failure)
Confirm with . or Enter, or press ? or * to list all spells.
Aiming: Shock (safe; 4% risk of failure)
Press: ? - help, Shift-Dir - straight line, f/p - Edmund
Aim: Edmund, wielding a +5 flail of protection and wearing a +2 chain mail of poison resistance (lightly wounded, 79% to hit)
The zap hits Edmund but does no damage.
Edmund is lightly wounded.
Edmund hits you with a +5 flail of protection.
* * * LOW HITPOINT WARNING * * *
Casting: Shock (safe; 4% risk of failure)
Confirm with . or Enter, or press ? or * to list all spells.
Aiming: Shock (safe; 4% risk of failure)
Press: ? - help, Shift-Dir - straight line, f/p - Edmund
Aim: Edmund, wielding a +5 flail of protection and wearing a +2 chain mail of poison resistance (lightly wounded, 79% to hit)
The zap hits Edmund.
Edmund is lightly wounded.
Edmund hits you with a +5 flail of protection.
* * * LOW HITPOINT WARNING * * *
Casting: Shock (safe; 4% risk of failure)
Confirm with . or Enter, or press ? or * to list all spells.
Aiming: Shock (safe; 4% risk of failure)
Press: ? - help, Shift-Dir - straight line, f/p - Edmund
Aim: Edmund, wielding a +5 flail of protection and wearing a +2 chain mail of poison resistance (lightly wounded, 79% to hit)
The zap hits Edmund but does no damage.
Edmund is lightly wounded.
Edmund hits you with a +5 flail of protection!
You die...

#.# #.#
#.# #.#
#.# #.#
#.# #.#
#@# #@#
#)# #.#
#.# #.#
.........#
##########


You could see Edmund.

Vanquished Creatures
  An orc wizard (D:2)
  6 adders
  3 worms (D:2)
  2 dart slugs
  6 orcs (D:3)
  10 endoplasms
  4 giant cockroaches (D:1)
  10 goblins
  11 hobgoblins
  4 jackals (D:1)
  8 kobolds
  A quokka (D:3)
  6 ball pythons
  6 bats
  4 frilled lizards
  8 rats
90 creatures vanquished.

Notes
Turn   | Place    | Note
-------+----------+-------------------------------------------
     0 | D:1      | randomguy2701 the Ogre Air Elementalist began the quest for
                  | the Orb.
     0 | D:1      | Reached XP level 1. HP: 16/16 MP: 3/3
   248 | D:1      | Reached XP level 2. HP: 26/26 MP: 3/5
   273 | D:1      | Reached skill level 1 in Conjurations
   585 | D:1      | Reached skill level 3 in Spellcasting
   836 | D:1      | Reached XP level 3. HP: 32/32 MP: 4/7
  1674 | D:2      | Reached XP level 4. HP: 40/40 MP: 0/9
  1786 | D:2      | Found Wuhayda's Antique Armour Emporium.
  2833 | D:3      | Found a faded altar of an unknown god.
  3028 | D:3      | Reached XP level 5. HP: 46/46 MP: 7/10
  3345 | D:3      | Found a broken altar of Ashenzari.
  3488 | D:3      | Reached skill level 4 in Spellcasting
  4462 | D:4      | Noticed Edmund
  4476 | D:4      | Slain by Edmund

Illustrated notes

Levels and vault maps discovered:
D:1:      kilobyte_arrival_exit_the_forest, layout_rooms, kennysheep_boxes
D:2:      layout_basic, serial_shops, nicolae_shop_tiny_glass, minmay_cupped
D:3:      layout_loops_ring, general_overflow_altar,
          ebering_ecumenical_altar_box, minmay_pentangle
D:4:      layout_basic, uniq_edmund

Skill      XL: |  1  2  3  4  5 |
---------------+----------------+-----
Conjurations   | 1 2 |  2.3
Dodging        | 2 |  2.7
Spellcasting   | 3 4 |  4.0
Air Magic      | 3 |  3.5
Fighting       | |  0.8
Stealth        | |  1.5

Action                     |  1- 3 |  4- 6 || total
---------------------------+-------+-------++-------
  Melee: Unarmed           |    27 |       ||    27
         Club              |       |     6 ||     6
   Cast: Shock             |    82 |   149 ||   231
 Armour: Robe              |    38 |    10 ||    48
  Dodge: Dodged            |    76 |    19 ||    95

Table legend: (Time is in decaauts)
 A = Elapsed time spent in this place.
 B = Non-inter-level travel time spent in this place.
 C = Inter-level travel time spent in this place.
 D = Time resting spent in this place.
 E = Time spent auto-exploring this place.
 F = Levels seen in this place.
 G = Mean time per level.
                   A        B        C        D        E       F      G
               +--------+--------+--------+--------+--------+-----+--------+
         Total |   4477 |   4285 |    192 |      0 |   3653 |   4 | 1119.2 |
       Dungeon |   4477 |   4285 |    192 |      0 |   3653 |   4 | 1119.2 |
               +--------+--------+--------+--------+--------+-----+--------+

Top non-repeatable levels by time:
     D:2: 1609 daAuts
     D:3: 1434 daAuts
     D:1: 1307 daAuts
     D:4: 126 daAuts
